 Dungeon Crawl Stone Soup version 0.18-b1-22-ge198996 (webtiles) character file.

2161 Chiseanne the Destroyer (level 9, 57/57 HPs)
             Began as a Demonspawn Wizard on May 3, 2016.
             Was an Initiate of Gozag.
             Quit the game on level 7 of the Dungeon.
             The game lasted 00:32:46 (9239 turns).

Chiseanne the Destroyer (Demonspawn Wizard)         Turns: 9239, Time: 00:32:46

Health: 57/57      AC:  8    Str:  7    XL:     9   Next: 10%
Magic:  6/20       EV: 17    Int: 24    God:    Gozag
Gold:   249        SH:  0    Dex: 11    Spells: 6 memorised, 9 levels left

rFire  . . .     SeeInvis .     e - +3 hunting sling (evade)
rCold  . . .     Gourm    .     q - +0 robe
rNeg   . . .     Faith    .     (no shield)
rPois  .         Spirit   .     b - +1 hat
rElec  .         Dismiss  .     B - +1 cloak
rCorr  .         Reflect  .     (no gloves)
SustAt .         Harm     .     (no boots)
MR     .....                    j - amulet of regeneration
Stlth  ++........               (no ring)
                                (no ring)

@: gold aura, not resistant to hostile enchantments, unstealthy
A: talons 1, slimy green scales 2
a: Potion Petition, Call Merchant, Bribe Branch, Renounce Religion


You were on level 7 of the Dungeon.
You worshipped Gozag.
Gozag was noncommittal.
You were not hungry.

You visited 2 branches of the dungeon, and saw 8 of its levels.

You collected 749 gold pieces.
You spent 431 gold pieces at shops.
You paid 69 gold pieces to Gozag.

Inventory:

Hand Weapons
 a - a +2 dagger of freezing
 e - a +3 hunting sling of evasion (weapon)
 s - a +4 quarterstaff of chaos
Missiles
 h - 67 bolts
 i - 12 poisoned needles
 p - 89 stones
 x - 131 arrows
 y - 16 sling bullets (quivered)
 F - 10 tomahawks
Armour
 b - a +1 hat (worn)
 q - a +0 robe (worn)
 B - a +1 cloak (worn)
Jewellery
 j - an amulet of regeneration (around neck)
 v - an uncursed amulet of harm {unknown}
Wands
 u - a wand of digging (1/24)
Scrolls
 l - 3 scrolls of teleportation
 n - 3 scrolls of enchant armour
 o - a scroll of immolation
 z - a scroll of magic mapping {unknown}
 A - 4 scrolls of remove curse
 C - a scroll of fear
Potions
 f - 2 potions of flight
 g - 2 potions of agility {unknown}
 k - 3 potions of invisibility
 m - 6 potions of curing
 r - a potion of ambrosia
 t - a potion of lignification
 E - a potion of might
Books
 c - a book of Minor Magic

   Spells                             Type                      Level
   a - Magic Dart                     Conjuration                  1
   b - Blink                          Translocation                2
   c - Call Imp                       Summoning                    2
   d - Repel Missiles                 Charms/Air                   2
   e - Slow                           Hexes                        2
   f - Conjure Flame                  Conjuration/Fire             3
   g - Mephitic Cloud                 Conjuration/Poison/Air       3
 G - a book of Flames

   Spells                             Type                      Level
   a - Flame Tongue                   Conjuration/Fire             1
   b - Throw Flame                    Conjuration/Fire             2
   c - Conjure Flame                  Conjuration/Fire             3
   d - Inner Flame                    Hexes/Fire                   3
   e - Sticky Flame                   Conjuration/Fire             4
   f - Fireball                       Conjuration/Fire             5
Comestibles
 d - a bread ration
 w - 3 meat rations


   Skills:
 - Level 1.7 Dodging
 - Level 1.7 Stealth
 * Level 7.9 Spellcasting
 * Level 8.0 Conjurations
   Level 1.0 Summonings
 - Level 0.8 Translocations
 * Level 3.6 Fire Magic


You had 9 spell levels left.
You knew the following spells:

 Your Spells              Type           Power        Failure   Level  Hunger
a - Magic Dart            Conj           ####         1%          1    None
b - Blink                 Tloc           N/A          10%         2    None
c - Repel Missiles        Chrm/Air       #.....       12%         2    None
d - Mephitic Cloud        Conj/Pois/Air  ###.....     10%         3    None
e - Conjure Flame         Conj/Fire      #####...     1%          3    None
f - Inner Flame           Hex/Fire       ###.....     12%         3    None


Dungeon Overview and Level Annotations

Branches:
Dungeon (7/15)             Temple (1/1) D:4

Altars:
Ashenzari
Cheibriados
Dithmenos
Elyvilon
Fedhas
Gozag
Kikubaaqudgha
Makhleb
Nemelex Xobeh
Okawaru
Pakellas
Ru
Sif Muna
Vehumet
Xom
Yredelemnul
Zin

Shops:
D:4 (::   D:6 (


Innate Abilities, Weirdness & Mutations

You have sharp toenails.
You are mostly covered in slimy green scales (AC +3).


Message History

The magic dart hits the centaur skeleton.
The centaur skeleton is engulfed in roaring flames.
The centaur skeleton closely misses you.
The centaur skeleton is engulfed in roaring flames.
The centaur skeleton barely misses you.
Casting: Magic Dart
Confirm with . or Enter, or press ? or * to list all spells.
Aiming: Magic Dart
Press: ? - help, Shift-Dir - straight line, f/p - centaur skeleton
Aim: a centaur skeleton (flame)
The magic dart hits the centaur skeleton.
The centaur skeleton is engulfed in roaring flames.
You destroy the centaur skeleton!
Your Conjurations skill increases to level 8!
You have reached level 9!
Your experience leads to an increase in your attributes!
Increase (S)trength, (I)ntelligence, or (D)exterity?
You feel clever.
Your demonic ancestry asserts itself...
Your toenails lengthen and sharpen.
Are you sure you want to abandon this character and quit the game? (Confirm with "yes".)

..........#
..........#
..........#
#(.......>...##
#.............#
#.............#
#.............#
#........!@...#
#........ยง....#
#...$.........#
#....<........#
...###+#######....
..... ......
......


There were no monsters in sight!

Vanquished Creatures
  An ugly thing (D:6)
  A centaur skeleton (D:7)
  Eustachio (D:5)
  2 ogres
  An ice beast (D:6)
  5 centaurs
  A scorpion (D:6)
  A crimson imp (D:5)
  A jelly (D:6)
  An orc priest (D:5)
  A hound (D:4)
  2 orc wizards
  Ijyb (D:1)
  Crazy Yiuf (D:4)
  An iguana (D:4)
  6 worker ants
  A hound skeleton (D:4)
  12 adders
  3 oozes
  2 adder skeletons (D:4)
  An adder zombie (D:5)
  A worm (D:2)
  4 dart slugs (D:1)
  4 giant geckos
  13 orcs
  6 bats
  3 giant cockroaches
  8 goblins
  11 hobgoblins
  13 jackals
  3 quokkas
  4 ball pythons
  3 giant newts
  2 jackal skeletons (D:6)
  9 kobolds
  8 rats
138 creatures vanquished.

Vanquished Creatures (others)
  2 plants (D:2)
2 creatures vanquished.

Grand Total: 140 creatures vanquished

Notes
Turn   | Place    | Note
--------------------------------------------------------------
     0 | D:1      | Chiseanne the Demonspawn Wizard began the quest for the Orb.
     0 | D:1      | Reached XP level 1. HP: 13/13 MP: 4/4
   292 | D:1      | Gained mutation: You are partially covered in slimy green scales (AC +2). [demonic ancestry]
   292 | D:1      | Reached XP level 2. HP: 15/19 MP: 6/6
   300 | D:1      | Reached skill level 2 in Conjurations
   734 | D:1      | Reached XP level 3. HP: 24/24 MP: 7/7
   738 | D:1      | Learned a level 2 spell: Blink
   741 | D:1      | Learned a level 2 spell: Repel Missiles
   745 | D:1      | Learned a level 3 spell: Mephitic Cloud
  1590 | D:2      | Found an oddly glowing altar of Pakellas.
  1690 | D:2      | Reached XP level 4. HP: 26/30 MP: 0/9
  1804 | D:2      | Noticed Ijyb
  2080 | D:2      | Learned a level 3 spell: Conjure Flame
  2485 | D:2      | Reached skill level 3 in Conjurations
  2984 | D:1      | Killed Ijyb
  3109 | D:2      | Found a burning altar of Makhleb.
  3445 | D:2      | Reached XP level 5. HP: 35/35 MP: 0/11
  3759 | D:3      | Found a sacrificial altar of Ru.
  3762 | D:3      | Found a shattered altar of Ashenzari.
  3762 | D:3      | Found a sparkling altar of Nemelex Xobeh.
  3769 | D:3      | Found a deep blue altar of Sif Muna.
  4215 | D:3      | Reached skill level 4 in Conjurations
  4593 | D:3      | Found a white marble altar of Elyvilon.
  4593 | D:3      | Found an iron altar of Okawaru.
  4624 | D:4      | Found Nuemonwo's Antique Weapon Emporium.
  4624 | D:4      | Found Tefat's Book Boutique.
  4882 | D:4      | Gained mutation: You are mostly covered in slimy green scales (AC +3). [demonic ancestry]
  4882 | D:4      | Reached XP level 6. HP: 34/41 MP: 0/13
  5197 | D:4      | Found a staircase to the Ecumenical Temple.
  5209 | Temple   | Entered the Ecumenical Temple
  5284 | Temple   | Became a worshipper of Gozag Ym Sagoz the Greedy
  5321 | D:4      | Found Resuethro's Book Shop.
  5478 | D:4      | Found a shadowy altar of Dithmenos.
  5494 | D:4      | Reached skill level 5 in Spellcasting
  5560 | D:4      | Noticed Crazy Yiuf
  5567 | D:4      | Killed Crazy Yiuf
  6070 | D:4      | Reached skill level 5 in Conjurations
  6213 | D:5      | Entered Level 5 of the Dungeon
  6221 | D:5      | Noticed Eustachio
  6627 | D:5      | Killed Eustachio
  6627 | D:5      | Reached XP level 7. HP: 46/46 MP: 6/15
  6851 | D:5      | Reached skill level 6 in Conjurations
  7011 | D:4      | Bought a runed hunting sling for 46 gold pieces
  7530 | D:5      | Reached XP level 8. HP: 52/52 MP: 12/17
  7686 | D:4      | Bought a book of Flames for 385 gold pieces
  7692 | D:4      | Learned a level 3 spell: Inner Flame
  8010 | D:6      | Found a blossoming altar of Fedhas.
  8065 | D:6      | Reached skill level 7 in Conjurations
  8065 | D:6      | Reached skill level 1 in Fire Magic
  8789 | D:6      | Noticed a purple ugly thing
  8812 | D:6      | Killed a purple ugly thing
  8936 | D:6      | Found Juapan's Weapon Shop.
  9238 | D:7      | Reached skill level 8 in Conjurations
  9238 | D:7      | Gained mutation: You have sharp toenails. [demonic ancestry]
  9238 | D:7      | Reached XP level 9. HP: 57/57 MP: 6/20
  9239 | D:7      | Quit the game

Skill      XL: |  1  2  3  4  5  6  7  8 |
---------------+-------------------------+-----
Conjurations   | 2 3 4 5 6 8 |  8.0
Spellcasting   | 4 5 6 7 |  7.9
Fire Magic     | 3 |  3.6
Dodging        | |  1.7
Stealth        | |  1.7
Summonings     | |  1.0
Translocations | |  0.8

Action                   |  1- 3 |  4- 6 |  7- 9 || total
-------------------------+-------+-------+-------++-------
Melee: Club              |     3 |       |       ||     3
       Short sword       |       |    48 |       ||    48
       Dagger            |       |    14 |       ||    14
       Quarterstaff      |       |    10 |     3 ||    13
 Fire: Hunting sling     |    97 |   176 |    52 ||   325
 Cast: Magic Dart        |    36 |    81 |   135 ||   252
       Blink             |     4 |    20 |     2 ||    26
       Mephitic Cloud    |     2 |    23 |    14 ||    39
       Repel Missiles    |     1 |       |       ||     1
       Conjure Flame     |       |    15 |     8 ||    23
  Use: Scroll            |     4 |     9 |     5 ||    18
       Potion            |       |     2 |       ||     2
 Stab: Confused          |       |     2 |       ||     2
  Eat: Chunk             |     2 |    13 |       ||    15
       Bread ration      |       |     1 |     2 ||     3
       Pizza             |       |     1 |       ||     1
Armor: Robe              |    10 |    62 |     6 ||    78
Dodge: Dodged            |    28 |   125 |    28 ||   181
       Deflected         |       |       |     1 ||     1
